 Dungeon Crawl Stone Soup version 0.31.0-32-g396128a36d (webtiles) character file.

Game seed: 15222118989328621741

163 monsoonserge the Ruffian (level 5, -1/35 HPs)
             Began as an Octopode Shapeshifter on Apr 9, 2024.
             Slain by a gnoll
             ... wielding a +0 spear
              (4 damage)
             ... on level 3 of the Dungeon.
             The game lasted 00:04:39 (2026 turns).

monsoonserge the Ruffian (Octopode Shapeshifter)    Turns: 2026, Time: 00:04:40

Health: -1/35      AC:  1    Str: 15    XL:     5   Next: 44%
Magic:  5/5        EV: 13    Int: 13    God:
Gold:   128        SH:  0    Dex: 11    Spells: 4/4 levels left

rFire   . . .        n - +7 Throatcutter {drain, coup de grace}
rCold   . . .        (no shield)
rNeg    . . .        (helmet currently unavailable)
rPois   .            (no amulet)
rElec   .            (no ring)
rCorr   .            (no ring)
SInv    .            (no ring)
Will    .....        (no ring)
Stlth   +++          (no ring)
HPRegen 0.25/turn    (no ring)
MPRegen 0.09/turn    (no ring)
                     (no ring)

%: no passive effects
@: beast-form
A: beast (slay +2), almost no armour, amphibious, 8 rings, camouflage 1,
gelatinous body 1, (nimble swimmer 1), tentacles
a: Begin Untransformation


You were on level 3 of the Dungeon.
You were a hulking beast.
You visited 1 branch of the dungeon, and saw 3 of its levels.

You collected 128 gold pieces.

Inventory:

Hand Weapons
 n - the +7 Throatcutter (weapon) {drain, coup de grace}
   (You took it off Terence on level 2 of the Dungeon)
Talismans
 b - a beast talisman
 c - a flux talisman
 d - a blade talisman
 g - a maw talisman
Scrolls
 j - 2 scrolls of identify {unknown}
 k - a scroll of fog {unknown}
 m - a scroll of vulnerability {unknown}
 o - a scroll of enchant armour {unknown}
Potions
 a - a potion of lignification
 e - a potion of magic {unknown}
 f - a potion of curing {unknown}
 h - a potion of degeneration {unknown}
 i - a potion of heal wounds {unknown}
 l - a potion of enlightenment {unknown}
 p - a potion of mutation {unknown}


   Skills:
 + Level 2.3 Fighting
 + Level 1.0 Long Blades
 + Level 2.3 Dodging
 + Level 2.0 Stealth
 - Level 4.4 Unarmed Combat
 - Level 3.5 Shapeshifting


You had 4 spell levels left.
You didn't know any spells.
Your spell library contained the following spells:

 Spells                   Type           Power      Damage    Failure   Level
 Summon Small Mammal      Summ           0%         N/A       30%         1
 Call Canine Familiar     Summ           0%         N/A       67%         3
 Summon Blazeheart Golem  Fire/Summ      0%         N/A       97%         4


Dungeon Overview and Level Annotations

Branches:
Dungeon (3/15)

Altars:

Shops:
D:1 =

Annotations:
D:3 Sigmund


Innate Abilities, Weirdness & Mutations

You are a hulking beast.
Your limbs bulge with bestial killing power. (Slay +2)
You cannot wear most types of armour.
You are amphibious.
You can wear up to eight rings at the same time.
Your skin changes colour to match your surroundings (Stealth+).
Your rubbery body absorbs attacks. (AC +1, EV +1)
((You are camouflaged when in or above water. (Stealth+)))
You have tentacles for arms and can constrict up to eight enemies at once.


Message History

You constrict the jackal.
You hear a shout!
The jackal barely misses you. The jackal bites you.
You slash the jackal!
You kill the jackal!
The gnoll closely misses you. The gnoll completely misses you.
The gnoll barely misses you.
You see here a +0 whip.
Unknown command.
You slash the gnoll! You drain the gnoll.
You kill the gnoll!
The gnoll hits you from afar with a +0 spear!
The gnoll misses you.
You slash the gnoll! You drain the gnoll.
You kill the gnoll!
A gnoll comes into view. It is wielding a +0 spear.
Sigmund hits you from afar with a +0 scythe.
A kobold comes into view. It is wielding a +0 dagger.
Your Long Blades skill increases to level 1!
Your Stealth skill increases to level 2!
An adder comes into view.
Sigmund misses you.
You see here a +0 spear.
You closely miss Sigmund.
The kobold shouts!
The adder hisses angrily.
The gnoll shouts!
You grab Sigmund. You constrict Sigmund. Sigmund misses you.
The gnoll hits you from afar with a +0 spear.
Okay, then.
You slash Sigmund!
Sigmund is heavily wounded.
You constrict Sigmund.
The gnoll hits you from afar with a +0 spear!
* * * LOW HITPOINT WARNING * * *
Sigmund gestures at you while chanting. The puff of flame misses you.
You slash Sigmund! You tentacle-slap Sigmund.
Sigmund is severely wounded.
You constrict Sigmund.
The gnoll hits you from afar with a +0 spear.
You die... ## ##...#######. .####..........@ ### ...........###.###... .)..>...........#... .##...^....#.###...### .##..#.....#.# .... ....###......# SK#

###..#..###..####@g#
#.....###†....h..#
#.#.#......"))...#
#.#.######.$##...#
#.#.# #..........
... # ##.##...###
>#. #.###.## ... ..
#.# ### #.#


You could see Sigmund, a gnoll, an adder and a kobold.

Vanquished Creatures
  Terence (D:2)
  Natasha (twice) (D:2)
  3 gnolls (D:3)
  2 ribbon worms (D:2)
  2 dart slugs (D:1)
  An orc (D:2)
  6 bats
  4 endoplasms
  A giant cockroach (D:2)
  2 goblins (D:2)
  3 hobgoblins
  4 jackals (D:3)
  2 quokkas
  3 ball pythons
  4 frilled lizards
  5 kobolds
  5 rats
50 creatures vanquished.

Notes
Turn   | Place    | Note
-------+----------+-------------------------------------------
     0 | D:1      | monsoonserge the Octopode Shapeshifter began the quest for
                  | the Orb.
     0 | D:1      | Reached XP level 1. HP: 13/13 MP: 1/1
   201 | D:1      | Reached skill level 1 in Stealth
   201 | D:1      | Reached XP level 2. HP: 18/18 MP: 2/2
   267 | D:1      | Found Toschire's Jewellery Shoppe.
   943 | D:2      | Reached XP level 3. HP: 23/24 MP: 3/3
  1355 | D:2      | Noticed Natasha
  1365 | D:2      | Killed Natasha
  1366 | D:2      | Reached XP level 4. HP: 21/29 MP: 4/4
  1518 | D:2      | Reached skill level 4 in Unarmed Combat
  1690 | D:2      | Noticed Terence
  1702 | D:2      | Killed Terence
  1839 | D:2      | Noticed Natasha
  1844 | D:2      | Killed Natasha
  1845 | D:2      | Reached XP level 5. HP: 29/34 MP: 5/5
  2007 | D:3      | Noticed Sigmund
  2023 | D:3      | Reached skill level 1 in Long Blades
  2026 | D:3      | Slain by a gnoll

Illustrated notes

Levels and vault maps discovered:
D:1:      dpeg_arrival_court, layout_basic, serial_shops, nicolae_diamond_shop,
          minmay_fountain_box
D:2:      minmay_skewed_foursquare, layout_basic, uniq_terence, uniq_natasha
D:3:      layout_loops_ring, uniq_sigmund

Skill      XL: |  1  2  3  4  5 |
---------------+----------------+-----
Stealth        | 1 2 |  2.0
Fighting       | 2 |  2.3
Unarmed Combat | 4 |  4.4
Long Blades    | 1 |  1.0
Dodging        | |  2.3
Shapeshifting  | |  3.5

Action                     |  1- 3 |  4- 6 || total
---------------------------+-------+-------++-------
  Melee: Unarmed           |    47 |    24 ||    71
         Tentacles         |    10 |     6 ||    16
         Constrict         |    12 |    12 ||    24
         Punch             |     1 |     1 ||     2
         Long sword        |       |    19 ||    19
   Stab: Sleeping          |     4 |     1 ||     5
 Armour: Skin              |    23 |    24 ||    47
  Dodge: Dodged            |    27 |    36 ||    63
